 Dungeon Crawl Stone Soup version 0.27-a0-1416-g941b2bd30b (webtiles) character file.

Game seed: 4176552097651794747

125 robertstho the Magician (level 5, -9/37 HPs)
             Began as a Djinni Fire Elementalist on July 1, 2021.
             Splashed by a jelly's acid (11 damage)
             ... on level 4 of the Dungeon.
             The game lasted 00:03:48 (3560 turns).

robertstho the Magician (Djinni Fire Elementalist)  Turns: 3560, Time: 00:03:49

Health: -9/37      AC: -2    Str:  7    XL:     5   Next: 30%
Gold:   119        EV: 12    Int: 18    God:
                   SH:  0    Dex: 13

rFire    + + .     SeeInvis .   h - +0 short sword
rCold    x . .     Faith    .   (no shield)
rNeg     . . .     Spirit   .   a - +0 robe
rPois    ∞         Reflect  .   (no helmet)
rElec    .         Harm     .   (no cloak)
rCorr    .         Rampage  .   (no gloves)
Will     .....                  (boots unavailable)
Stlth    ++........             (no amulet)
HPRegen  0.12/turn              (no ring)
MPRegen  0.00/turn              (no ring)

@: corroded, attractive, flying
A: sickness immunity, fire resistance 2, cold vulnerability 1, float, innate
caster, hp casting, extra vitality 1
a: no special abilities


You were on level 4 of the Dungeon.
You visited 1 branch of the dungeon, and saw 4 of its levels.

You collected 119 gold pieces.

Inventory:

Hand Weapons
 h - a +0 short sword (weapon)
Missiles
 b - 7 curare-tipped darts
Armour
 a - a +0 robe (worn)
Jewellery
 m - an amulet of guardian spirit
Wands
 d - a wand of polymorph (8)
Scrolls
 c - a scroll of teleportation {unknown}
 f - 2 scrolls of identify {unknown}
 g - a scroll of fear {unknown}
 j - a scroll of summoning {unknown}
 k - a scroll of acquirement {unknown}
 l - a scroll of blinking {unknown}
 n - a scroll of magic mapping {unknown}
Potions
 e - a potion of attraction
 i - a potion of flight


   Skills:
 * Level 1.4 Fighting
 + Level 2.2 Dodging
 + Level 1.7 Stealth
 * Level 4.0 Spellcasting


You couldn't memorise any spells.
You knew the following spells:

 Your Spells              Type           Power      Damage    Failure   Level
a - Foxfire               Conj/Fire      72%        2x1d7     2%          1
b - Conjure Flame         Conj/Fire      18%        6-21      9%          3
c - Inner Flame           Hex/Fire       18%        N/A       9%          3
d - Sticky Flame          Conj/Fire      18%        2d4       28%         4
e - Fireball              Conj/Fire      9%         3d6       61%         5
f - Corona                Hex            20%        N/A       2%          1
g - Poisonous Vapours     Pois/Air       36%        N/A       4%          2
Your spell library was empty.

Dungeon Overview and Level Annotations

Branches:
Dungeon (4/15)
 Temple: D:4-7

Altars:
Makhleb
Trog

Annotations:
D:4 Robin


Innate Abilities, Weirdness & Mutations

You are immune to sickness and miasma.
You are immune to poison.
Your flesh is very heat resistant. (rF++)
You are vulnerable to cold. (rC-)
You float through the air rather than walking.
You learn spells naturally, not from books.
Your magical power is your life essence.
You have superior vitality. (+4 HP)


Message History

The foxfire hits the jelly.
The jelly is moderately wounded.
The jelly hits you.
You are splashed with acid.
A goblin comes into view. It is wielding a +0 dagger.
The foxfire hits the goblin!
You kill the goblin!
Casting: Foxfire (safe; 2% risk of failure)
Press: ? - help, Q - select action, (/) - cycle Dir - look around, f - activate You conjure some foxfire!
The foxfire hits the jelly!
The jelly is severely wounded.
The foxfire hits the jelly.
The jelly is almost dead.
The jelly hits you.
You are splashed with acid!
Robin throws the goblin at you!
Casting: Foxfire (safe; 2% risk of failure)
Press: ? - help, Q - select action, (/) - cycle Dir - look around, f - activate You conjure some foxfire!
The jelly hits you but does no damage.
The foxfire hits the goblin.
You kill the goblin!
The goblin hits you with a +0 dagger. Robin throws the goblin at you!
* * * LOW HITPOINT WARNING * * *
The goblin closely misses you.
Unknown command.
Your foxfire dissipates!
The foxfire hits the goblin.
The goblin is moderately wounded.
The foxfire hits the goblin.
You kill the goblin!
The jelly jiggles.
The jelly hits you.
* * * LOW HITPOINT WARNING * * *
The acid corrodes you!
You are splashed with acid.
* * * LOW HITPOINT WARNING * * *
Okay, then.
It was a potion of attraction.
You feel attractive to monsters. The jelly hits you.
* * * LOW HITPOINT WARNING * * *
You are splashed with acid!
You die...

#.........
##..###### #..# ##.#
######+## #.#
#.......#
#######.####.......#
..............gS>..#
#######.##....Jg)..#
#..#...@##.)##
##.#....# .S#
#......# .g#
##..........
##..........
#####.....gg
.......# ...


You could see a jelly, 2 goblins and a ball python.

Vanquished Creatures
  A jelly (D:3)
  Terence (D:3)
  2 adders (D:3)
  An adder skeleton (D:4)
  A dart slug (D:2)
  5 bats
  3 endoplasms
  A giant cockroach (D:2)
  8 goblins
  4 hobgoblins
  2 kobolds
  2 quokkas
  A ball python (D:3)
  13 frilled lizards
  4 rats
49 creatures vanquished.

Vanquished Creatures (others)
  220 foxfires
  6 plants (D:3)
226 creatures vanquished.

Grand Total: 275 creatures vanquished

Notes
Turn   | Place    | Note
-------+----------+-------------------------------------------
     0 | D:1      | robertstho the Djinni Fire Elementalist began the quest for
                  | the Orb.
     0 | D:1      | Reached XP level 1. HP: 15/15 MP: 0/0
   457 | D:1      | Reached XP level 2. HP: 20/22 MP: 0/0
  1144 | D:2      | Reached skill level 1 in Fighting
  1206 | D:2      | Found a bloodstained altar of Trog.
  1337 | D:2      | Reached skill level 3 in Spellcasting
  1337 | D:2      | Reached XP level 3. HP: 25/27 MP: 0/0
  1337 | D:2      | Learned a level 1 spell: Corona
  1415 | D:2      | Found a faded altar of an unknown god.
  2332 | D:3      | Found a burning altar of Makhleb.
  2334 | D:3      | Noticed a green death
  2338 | D:3      | Noticed Terence
  2352 | D:3      | Killed Terence
  2353 | D:3      | Reached XP level 4. HP: 22/32 MP: 0/0
  3278 | D:3      | Reached XP level 5. HP: 34/37 MP: 0/0
  3278 | D:3      | Learned a level 2 spell: Poisonous Vapours
  3550 | D:4      | Noticed Robin
  3553 | D:4      | Reached skill level 4 in Spellcasting
  3560 | D:4      | Splashed by a jelly's acid

Illustrated notes

Levels and vault maps discovered:
D:1:      dpeg_arrival_line_fractal, layout_rooms
D:2:      layout_basic, basic_altar, hellmonk_ecumenical_altar_zigzags,
          kennysheep_generic_room_12
D:3:      layout_basic, makhleb_altar_promises_db, minmay_lizard_king,
          uniq_terence
D:4:      layout_basic, grunt_dithmenos_smoke, lemuel_coloured_pillars_altar,
          minmay_temple_entry_enclosed_plants, minmay_misc_feat_rows,
          uniq_blork_the_orc, uniq_robin

Skill      XL: |  1  2  3  4  5 |
---------------+----------------+-----
Fighting       | 1 |  1.4
Spellcasting   | 3 4 |  4.0
Dodging        | |  2.2
Stealth        | |  1.7

Action                   |  1- 3 |  4- 6 || total
-------------------------+-------+-------++-------
Melee: Unarmed           |     3 |       ||     3
 Cast: Foxfire           |    86 |    48 ||   134
  Use: Potion            |     3 |     1 ||     4
Armor: Robe              |       |     1 ||     1
Dodge: Dodged            |     8 |     4 ||    12

Table legend: (Time is in decaauts)
 A = Elapsed time spent in this place.
 B = Non-inter-level travel time spent in this place.
 C = Inter-level travel time spent in this place.
 D = Time resting spent in this place.
 E = Time spent auto-exploring this place.
 F = Levels seen in this place.
 G = Mean time per level.
                   A        B        C        D        E       F      G
               +--------+--------+--------+--------+--------+-----+--------+
         Total |   3558 |   3492 |     66 |     11 |   3211 |   4 |  889.5 |
       Dungeon |   3558 |   3492 |     66 |     11 |   3211 |   4 |  889.5 |
               +--------+--------+--------+--------+--------+-----+--------+

Top non-repeatable levels by time:
     D:3: 1231 daAuts
     D:2: 1227 daAuts
     D:1: 1043 daAuts
     D:4: 56 daAuts
